 Dungeon Crawl Stone Soup version 0.29.0-4-gdea44cf6ec (webtiles) character file.

Game seed: 17092582745325189445

38588 qw the Severer (level 13, -10/122 HPs)
             Began as a Minotaur Berserker on Sept 4, 2022.
             Was an Elder of Trog.
             Mangled by a cane toad (16 damage)
             ... on level 5 of the Lair of Beasts.
             The game lasted 00:05:18 (16423 turns).

qw the Severer (Minotaur Berserker)                Turns: 16423, Time: 00:05:19

Health: -10/122    AC: 18    Str: 28    XL:     13   Next: 64%
Magic:  12/12      EV:  8    Int:  4    God:    Trog [****..]
Gold:   886        SH: 11    Dex:  9    Spells: 12/12 levels left

rFire   . . .      SeeInvis .   Y - +3 broad axe (freeze)
rCold   + . .      Faith    .   s - +0 kite shield
rNeg    . . .      Spirit   .   c - +0 plate armour
rPois   .          Reflect  .   (helmet restricted)
rElec   .          Harm     .   i - +0 cloak
rCorr   .          Rampage  .   h - +0 pair of gloves
Will    +....                   (no boots)
Stlth   ..........              p - amulet of regeneration
HPRegen 1.10/turn               a - ring of protection from cold
MPRegen 0.13/turn               q - ring of willpower

@: lethally poisoned (-10 -> -14), about to teleport, on berserk cooldown,
slowed, very slow
A: horns 2, retaliatory headbutt
a: Renounce Religion, Berserk, Trog's Hand, Brothers in Arms


You were on level 5 of the Lair of Beasts.
You worshipped Trog.
Trog was greatly pleased with you.
You visited 2 branches of the dungeon, and saw 15 of its levels.

You collected 978 gold pieces.
You spent 92 gold pieces at shops.


Innate Abilities, Weirdness & Mutations

You have a pair of horns on your head.
You reflexively headbutt those who attack you in melee.


   Skills:
 - Level 13.0 Fighting
 - Level 18.0 Axes
 - Level 5.0 Throwing
 + Level 11.1 Armour
 - Level 4.0 Dodging
 - Level 13.0 Shields


You had 12 spell levels left.
You didn't know any spells.
Your spell library was empty.

Inventory:

Hand Weapons
 n - a -2 demon whip of venom
 Y - a +3 broad axe of freezing (weapon)
Missiles
 d - 3 javelins (quivered)
 k - 18 boomerangs
Armour
 c - a +0 plate armour (worn)
 h - a +0 pair of gloves (worn)
 i - a +0 cloak (worn)
 s - a +0 kite shield (worn)
Jewellery
 a - a ring of protection from cold (left hand)
 j - a ring of resist corrosion
 o - a ring of protection from cold
 p - an amulet of regeneration (around neck)
 q - a ring of willpower (right hand)
Scrolls
 b - 11 scrolls of identify
 m - 6 scrolls of teleportation
Potions
 e - 8 potions of mutation
 f - 4 potions of haste
 g - 6 potions of heal wounds
 l - 2 potions of curing

Dungeon Overview and Level Annotations

Branches:
Dungeon (10/15)            Temple (0/1) D:6            Lair (5/5) D:10
  Swamp (0/4) Lair:3       Spider (0/4) Lair:2        Slime (0/5) Lair:4
    Orc (0/2) D:9

Altars:
Cheibriados
Elyvilon
Fedhas
Gozag
Kikubaaqudgha
Nemelex Xobeh
Okawaru
Sif Muna
Xom
Zin
The Shining One
Jiyva

Shops:
D:4 *

Annotations:
D:5 2 runed translucent doors


Message History

An elephant comes into view.
The cane toad stings you but does no damage.
A bullfrog comes into view.
You block the bullfrog's attack. The cane toad completely misses you.
Enter note:
16421 ||| INVOKING Brothers in Arms.
You fail to use your ability.
The bullfrog gives a loud, deep croak!
You block the bullfrog's attack. The cane toad stings you.
A blink frog comes into view.
The cane toad stings you but does no damage.
A blink frog comes into view.
You block the bullfrog's attack. The cane toad stings you.
The cane toad barely misses you. You furiously retaliate!
You headbutt the cane toad, but do no damage.
The cane toad stings you!
You are poisoned.
The cane toad poisons you!
16422 ||| INVOKING Brothers in Arms.
Your ogre goes berserk!
You feel extremely sick.
The blink frog croaks.
You block the bullfrog's attack.
The blink frog blinks!
You block the vampire mosquito's attack.
The cane toad stings you but does no damage. x2
The bullfrog completely misses you.
The blink frog blinks!
A vampire mosquito comes into view.
The vampire mosquito bites you but does no damage.
The cane toad stings you but does no damage.
The seven-headed hydra bites you but does no damage. x5
The seven-headed hydra bites you. The seven-headed hydra bites you!
16423 ||| READING 7 scrolls of teleportation.
As you read the scroll of teleportation, it crumbles to dust.
You feel strangely unstable.
You feel very sick.
The vampire mosquito buzzes angrily.
The vampire mosquito bites you.
The vampire mosquito draws strength from your injuries!
The bullfrog hits you but does no damage.
The cane toad stings you!
You die...

...... .....
#.P..##..$..
.#Y.~~.#...
####Y(P$~....P
#.~..P...~~.P.
#P~~~P~.O.....
#~~~FFF~~~...
#~~~F@wFP~~~.
##~PFDy~~~P~~
#~~~~~~P~~~~~
##.~~~~~~~~~~
##~~~~~~~~~~
#~~~~~~P~~P
#~~~~~~~yF~
#~~~~P~~~~~


You could see a seven-headed hydra, 2 elephants, a tyrant leech, 4 cane toads, a
blink frog, 2 vampire mosquitoes, 2 bullfrogs and a friendly ogre (summoned,
berserk).

Vanquished Creatures
  Harold (Lair:1)
  A hydra (Lair:1)
  A boulder beetle (Lair:3)
  A catoblepas (Lair:1)
  A centaur warrior (D:8)
  2 two-headed ogres
  Nergalle (Lair:1)
  Amaemon (D:8)
  A lindwurm (Lair:2)
  5 elephants (Lair:4)
  4 black mambas
  An orange demon (D:8)
  A kobold demonologist (D:9)
  11 cane toads
  2 rime drakes
  Psyche (D:9)
  2 komodo dragons (Lair:3)
  Maggie (D:8)
  A hornet (D:6)
  A meliai (Lair:2)
  23 blink frogs
  A tyrant leech (Lair:5)
  Prince Ribbit (D:7)
  4 dream sheep (Lair:4)
  A vampire (D:10)
  2 wyverns
  25 yaks
  2 basilisks
  6 vampire mosquitoes
  A steam dragon (D:7)
  3 acid dragons
  2 wargs (D:10)
  5 orc warriors
  11 water moccasins
  2 sky beasts (D:8)
  An ice beast (D:6)
  A black bear (D:7)
  2 ogres
  4 centaurs
  26 wolves
  A phantom (D:6)
  3 kobold brigands
  4 gnoll sergeants
  12 bullfrogs
  A necrophage (D:4)
  3 scorpions
  6 killer bees (Lair:2)
  4 howler monkeys
  A quasit (D:5)
  3 hounds
  7 orc priests
  A jelly (D:8)
  A gnoll bouda (D:6)
  Ijyb (D:5)
  2 iguanas
  7 orc wizards
  25 gnolls
  7 adders
  3 shadow imps
  4 white imps (D:5)
  8 ufetubi
  A worm (D:3)
  2 dart slugs
  31 orcs
  8 endoplasms
  3 giant cockroaches
  13 goblins
  8 hobgoblins
  19 kobolds
  6 quokkas
  8 ball pythons
  4 bats
  5 frilled lizards
  4 rats
379 creatures vanquished.

Vanquished Creatures (collateral kills)
  3 hydras
  Urug (Lair:1)
  A cane toad (Lair:1)
  A polar bear (Lair:1)
  3 blink frogs (Lair:1)
  A basilisk (Lair:1)
  2 yaks (Lair:4)
  19 wolves (Lair:1)
31 creatures vanquished.

Vanquished Creatures (others)
  A demonic plant (D:5)
  8 fungi
  35 plants
44 creatures vanquished.

Grand Total: 454 creatures vanquished

Notes
Turn   | Place    | Note
-------+----------+-------------------------------------------
     0 | D:1      | qw the Minotaur Berserker began the quest for the Orb.
     0 | D:1      | Reached XP level 1. HP: 19/19 MP: 0/0
     0 | D:1      | 0 ||| qw: Version: 0.1-a-103-gd6f5d3a
     0 | D:1      | 0 ||| qw: Game counter: 5648
     0 | D:1      | 0 ||| qw: Always use a shield: true
     0 | D:1      | 0 ||| qw: Do Orc after D:15 true
     0 | D:1      | 0 ||| qw: Do second Lair branch before Depths: true
     0 | D:1      | 0 ||| qw: Lair rune preference: random
     0 | D:1      | 0 ||| qw: Plans: Normal
     0 | D:1      | 0 ||| PLANNING D:1-11
    39 | D:1      | 39 ||| Stepping ~*~*~tactically~*~*~ (stealth).
    42 | D:1      | Found a faded altar of an unknown god.
    45 | D:1      | 45 ||| Stepping ~*~*~tactically~*~*~ (stealth).
    47 | D:1      | 47 ||| Stepping ~*~*~tactically~*~*~ (stealth).
    52 | D:1      | 52 ||| Stepping ~*~*~tactically~*~*~ (stealth).
    53 | D:1      | 53 ||| Stepping ~*~*~tactically~*~*~ (stealth).
    59 | D:1      | 59 ||| Stepping ~*~*~tactically~*~*~ (stealth).
    61 | D:1      | Reached skill level 4 in Axes
   175 | D:1      | Reached XP level 2. HP: 26/26 MP: 1/1
   414 | D:1      | Reached skill level 5 in Axes
   505 | D:1      | Reached ** piety under Trog
   587 | D:1      | Reached XP level 3. HP: 26/31 MP: 2/2
   859 | D:1      | 859 ||| UPGRADING to +0 ring mail.
   869 | D:1      | 869 ||| DROPPING +0 animal skin.
   870 | D:1      | 870 ||| UPGRADING to +1 chain mail of cold resistance.
   880 | D:1      | 880 ||| DROPPING +0 ring mail.
   881 | D:1      | 881 ||| READING scroll labelled HEURHOS BUAQAPH.
   882 | D:1      | 882 ||| READING scroll labelled YTISTUAVUG.
   919 | D:2      | 919 ||| Stepping ~*~*~tactically~*~*~ (stealth).
   927 | D:2      | 927 ||| FLEEEEING.
   931 | D:2      | 931 ||| STAIRDANCE
   965 | D:1      | 965 ||| UPGRADING to ring of protection from cold.
   987 | D:2      | 987 ||| Stepping ~*~*~tactically~*~*~ (stealth).
  1280 | D:2      | Reached skill level 1 in Throwing
  1347 | D:2      | 1347 ||| SWAPPING to +0 war axe.
  1351 | D:2      | Reached XP level 4. HP: 38/39 MP: 3/3
  1415 | D:2      | 1415 ||| DROPPING +0 hand axe.
  1427 | D:2      | Reached skill level 6 in Axes
  1671 | D:2      | 1671 ||| READING 2 scrolls labelled CAWEPU JIRINUPT.
  1672 | D:2      | 1672 ||| READING 3 scrolls labelled JIGYJO BIXUV.
  1676 | D:2      | 1676 ||| READING scroll labelled PUHIGY OXAPPESH.
  1677 | D:2      | 1677 ||| DRINKING 2 fizzy brown potions.
  1722 | D:2      | 1722 ||| READING 2 scrolls of identify.
  1722 | D:2      | 1722 ||| IDENTIFYING clear potion
  1723 | D:2      | 1723 ||| DROPPING potion of lignification.
  1724 | D:2      | 1724 ||| DROPPING scroll of noise.
  1760 | D:3      | Found a sparkling altar of Nemelex Xobeh.
  1838 | D:3      | 1838 ||| Stepping ~*~*~tactically~*~*~ (stealth).
  2253 | D:3      | Noticed an orc warrior
  2257 | D:3      | 2257 ||| INVOKING Berserk.
  2262 | D:3      | Killed an orc warrior
  2262 | D:3      | Reached *** piety under Trog
  2263 | D:3      | Reached skill level 7 in Axes
  2263 | D:3      | Reached XP level 5. HP: 45/45 MP: 4/4
  2407 | D:3      | 2407 ||| SWAPPING to +0 broad axe.
  2408 | D:3      | 2408 ||| DROPPING +1 war axe.
  2437 | D:3      | 2437 ||| Stepping ~*~*~tactically~*~*~ (hiding).
  2444 | D:3      | 2444 ||| INVOKING Berserk.
  2446 | D:3      | Reached XP level 6. HP: 52/52 MP: 5/5
  2752 | D:3      | Found a shimmering blue altar of Sif Muna.
  2887 | D:3      | 2887 ||| READING scroll labelled ORYEPS ITOEM.
  2888 | D:3      | 2888 ||| DRINKING 2 pink potions.
  2889 | D:3      | 2889 ||| READING 4 scrolls of identify.
  2889 | D:3      | 2889 ||| IDENTIFYING brown potion
  2890 | D:3      | 2890 ||| READING 3 scrolls of identify.
  2890 | D:3      | 2890 ||| IDENTIFYING cyan potion
  2891 | D:3      | 2891 ||| READING 2 scrolls of identify.
  2891 | D:3      | 2891 ||| IDENTIFYING puce potion
  2892 | D:3      | 2892 ||| DROPPING potion of magic.
  2893 | D:3      | 2893 ||| DROPPING potion of flight.
  2894 | D:3      | 2894 ||| DROPPING potion of brilliance.
  2895 | D:3      | 2895 ||| READING 4 scrolls of teleportation.
  2920 | D:4      | 2920 ||| STAIRDANCE
  2927 | D:4      | Reached skill level 8 in Axes
  3036 | D:4      | 3036 ||| DROPPING +0 club.
  3137 | D:4      | 3137 ||| DROPPING +0 mace.
  3149 | D:4      | Reached skill level 9 in Axes
  3245 | D:4      | Found Uphuissy's Assorted Antiques.
  3250 | D:4      | 3250 ||| SHOPLISTING plate armour (529 gold, have 169).
  3250 | D:4      | 3250 ||| SHOPLISTING runed buckler (172 gold, have 169).
  3250 | D:4      | 3250 ||| SHOPLISTING runed scarf (184 gold, have 169).
  3250 | D:4      | 3250 ||| BUYING scroll of identify (46 gold).
  3250 | D:4      | Bought a scroll of identify for 46 gold pieces
  3250 | D:4      | 3250 ||| BUYING scroll of identify (46 gold).
  3250 | D:4      | Bought a scroll of identify for 46 gold pieces
  3455 | D:4      | 3455 ||| DROPPING orb of wrath.
  3456 | D:4      | 3456 ||| UPGRADING to +0 pair of gloves.
  3461 | D:4      | 3461 ||| READING scroll labelled VEGEYNNOPS.
  3462 | D:4      | 3462 ||| READING 5 scrolls of identify.
  3462 | D:4      | 3462 ||| IDENTIFYING metallic silvery potion
  3463 | D:4      | 3463 ||| DROPPING potion of ambrosia.
  3485 | D:5      | Entered Level 5 of the Dungeon
  3494 | D:5      | 3494 ||| Stepping ~*~*~tactically~*~*~ (stealth).
  3501 | D:5      | Reached skill level 3 in Armour
  3501 | D:5      | Reached XP level 7. HP: 59/59 MP: 6/6
  3545 | D:5      | 3545 ||| INVOKING Berserk.
  3721 | D:5      | 3721 ||| Stepping ~*~*~tactically~*~*~ (stealth).
  3725 | D:5      | 3725 ||| Stepping ~*~*~tactically~*~*~ (hiding).
  3726 | D:5      | 3726 ||| Stepping ~*~*~tactically~*~*~ (hiding).
  3735 | D:5      | 3735 ||| Stepping ~*~*~tactically~*~*~ (stealth).
  3739 | D:5      | 3739 ||| INVOKING Berserk.
  3918 | D:5      | 3918 ||| DROPPING +3 mace of protection.
  3940 | D:5      | Found an ancient bone altar of Kikubaaqudgha.
  3987 | D:5      | 3987 ||| Stepping ~*~*~tactically~*~*~ (hiding).
  4102 | D:5      | Noticed Ijyb
  4103 | D:5      | 4103 ||| INVOKING Berserk.
  4106 | D:5      | Killed Ijyb
  4285 | D:5      | 4285 ||| INVOKING Berserk.
  4293 | D:5      | Reached skill level 10 in Axes
  4430 | D:5      | Found a runed translucent door.
  4433 | D:5      | Found a runed translucent door.
  4650 | D:5      | 4650 ||| DROPPING orb of guile.
  4651 | D:5      | 4651 ||| UPGRADING to ring of resist corrosion.
  4652 | D:5      | 4652 ||| READING 5 scrolls of identify.
  4652 | D:5      | 4652 ||| IDENTIFYING metallic dark potion
  4653 | D:5      | 4653 ||| READING 4 scrolls of identify.
  4653 | D:5      | 4653 ||| IDENTIFYING grey potion
  4654 | D:5      | 4654 ||| DROPPING potion of attraction.
  4849 | D:6      | 4849 ||| Stepping ~*~*~tactically~*~*~ (stealth).
  4851 | D:6      | 4851 ||| Stepping ~*~*~tactically~*~*~ (hiding).
  4854 | D:6      | 4854 ||| INVOKING Berserk.
  4861 | D:6      | Reached XP level 8. HP: 70/70 MP: 7/7
  4863 | D:6      | Reached skill level 6 in Fighting
  4967 | D:6      | 4967 ||| DROPPING +0 flail.
  4992 | D:6      | 4992 ||| Stepping ~*~*~tactically~*~*~ (hiding).
  4993 | D:6      | 4993 ||| Stepping ~*~*~tactically~*~*~ (hiding).
  4994 | D:6      | 4994 ||| Stepping ~*~*~tactically~*~*~ (hiding).
  5313 | D:6      | Found a staircase to the Ecumenical Temple.
  5351 | D:6      | Reached **** piety under Trog
  5352 | D:6      | Reached skill level 11 in Axes
  5373 | D:6      | 5373 ||| INVOKING Berserk.
  5378 | D:6      | HP: 21/105 [gnoll sergeant/+0 trident (10)]
  5960 | D:6      | Reached skill level 12 in Axes
  6215 | D:6      | 6215 ||| UPGRADING to +0 plate armour.
  6225 | D:6      | 6225 ||| UPGRADING to +0 cloak.
  6230 | D:6      | 6230 ||| DROPPING +1 chain mail of cold resistance.
  6231 | D:6      | 6231 ||| UPGRADING to ring of willpower.
  6233 | D:6      | 6233 ||| READING 5 scrolls of identify.
  6233 | D:6      | 6233 ||| IDENTIFYING inky potion
  6263 | D:7      | Found a flagged portal.
  6264 | D:7      | Noticed a hornet
  6269 | D:7      | 6269 ||| STAIRDANCE
  6274 | D:6      | Killed a hornet
  6275 | D:6      | Reached skill level 6 in Armour
  6275 | D:6      | Reached XP level 9. HP: 56/75 MP: 8/8
  6380 | D:7      | 6380 ||| Stepping ~*~*~tactically~*~*~ (cloud).
  6384 | D:7      | 6384 ||| INVOKING Berserk.
  6444 | D:7      | 6444 ||| FLEEEEING.
  6449 | D:7      | 6449 ||| INVOKING Berserk.
  6530 | D:7      | 6530 ||| Stepping ~*~*~tactically~*~*~ (hiding).
  6533 | D:7      | 6533 ||| DRINKING potion of curing.
  6533 | D:7      | 6533 ||| (to cure confusion)
  6608 | D:7      | Found a snail-covered altar of Cheibriados.
  6643 | D:7      | 6643 ||| INVOKING Berserk.
  6838 | D:7      | 6838 ||| Stepping ~*~*~tactically~*~*~ (stealth).
  6849 | D:7      | 6849 ||| Stepping ~*~*~tactically~*~*~ (stealth).
  6850 | D:7      | 6850 ||| Stepping ~*~*~tactically~*~*~ (stealth).
  6851 | D:7      | 6851 ||| Stepping ~*~*~tactically~*~*~ (stealth).
  6852 | D:7      | 6852 ||| Stepping ~*~*~tactically~*~*~ (stealth).
  6856 | D:7      | 6856 ||| Stepping ~*~*~tactically~*~*~ (stealth).
  6865 | D:7      | 6865 ||| INVOKING Berserk.
  6870 | D:7      | HP: 27/118 [poisoned by a kobold brigand]
  6873 | D:7      | HP: 11/79 [poisoned by a kobold brigand]
  6877 | D:7      | HP: 5/79 [poisoned by a kobold brigand]
  7314 | D:7      | Noticed Prince Ribbit
  7315 | D:7      | 7315 ||| INVOKING Berserk.
  7316 | D:7      | Killed Prince Ribbit
  7317 | D:7      | Reached skill level 13 in Axes
  7514 | D:7      | 7514 ||| UPGRADING to amulet of regeneration.
  7519 | D:7      | 7519 ||| READING scroll labelled MIPEUPH USIRGHA.
  7520 | D:7      | 7520 ||| READING 5 scrolls of identify.
  7520 | D:7      | 7520 ||| IDENTIFYING bubbling red potion
  7521 | D:7      | 7521 ||| DROPPING potion of degeneration.
  7547 | D:8      | Noticed a two-headed ogre
  7550 | D:8      | 7550 ||| INVOKING Berserk.
  7554 | D:8      | Killed a two-headed ogre
  7555 | D:8      | Reached skill level 9 in Fighting
  7738 | D:8      | Noticed an orange demon
  7739 | D:8      | 7739 ||| Stepping ~*~*~tactically~*~*~ (hiding).
  7751 | D:8      | Killed an orange demon
  7766 | D:8      | Noticed Amaemon
  7767 | D:8      | 7767 ||| Stepping ~*~*~tactically~*~*~ (hiding).
  7772 | D:8      | 7772 ||| INVOKING Berserk.
  7779 | D:8      | Killed Amaemon
  7780 | D:8      | Reached XP level 10. HP: 91/91 MP: 9/9
  7908 | D:8      | 7908 ||| DROPPING +2 flail of protection.
  7956 | D:8      | Found a glowing silver altar of Zin.
  7989 | D:8      | Noticed a centaur warrior
  7997 | D:8      | 7997 ||| INVOKING Berserk.
  7998 | D:8      | Killed a centaur warrior
  7999 | D:8      | Reached skill level 14 in Axes
  8161 | D:8      | Found a glowing golden altar of the Shining One.
  8182 | D:8      | 8182 ||| Stepping ~*~*~tactically~*~*~ (stealth).
  8186 | D:8      | 8186 ||| Stepping ~*~*~tactically~*~*~ (stealth).
  8187 | D:8      | 8187 ||| Stepping ~*~*~tactically~*~*~ (stealth).
  8329 | D:8      | 8329 ||| Stepping ~*~*~tactically~*~*~ (stealth).
  8553 | D:8      | Noticed Maggie
  8554 | D:8      | 8554 ||| Stepping ~*~*~tactically~*~*~ (hiding).
  8567 | D:8      | Killed Maggie
  8568 | D:8      | Reached skill level 15 in Axes
  8639 | D:8      | 8639 ||| FLEEEEING.
  8645 | D:8      | 8645 ||| FLEEEEING.
  8646 | D:8      | 8646 ||| FLEEEEING.
  8650 | D:8      | 8650 ||| FLEEEEING.
  8651 | D:8      | 8651 ||| FLEEEEING.
  8652 | D:8      | 8652 ||| FLEEEEING.
  8653 | D:8      | 8653 ||| FLEEEEING.
  8654 | D:8      | 8654 ||| FLEEEEING.
  8659 | D:8      | 8659 ||| FLEEEEING.
  8660 | D:8      | 8660 ||| FLEEEEING.
  8661 | D:8      | 8661 ||| STAIRDANCE
  8763 | D:7      | 8763 ||| UPGRADING to +0 kite shield.
  8768 | D:7      | 8768 ||| READING scroll labelled ECUMAY TIOS.
  8769 | D:7      | 8769 ||| READING scroll labelled XAZUSIAHUAN.
  8772 | D:8      | 8772 ||| STAIRDANCE
  8780 | D:8      | 8780 ||| STAIRDANCE
  8782 | D:7      | 8782 ||| INVOKING Berserk.
  8896 | D:8      | Reached skill level 1 in Shields
  9016 | D:8      | 9016 ||| READING scroll labelled MOVOS WOTRO.
  9096 | D:9      | Found a staircase to the Orcish Mines.
  9098 | D:9      | 9098 ||| INVOKING Berserk.
  9108 | D:9      | Reached skill level 3 in Shields
  9134 | D:9      | 9134 ||| FLEEEEING.
  9135 | D:9      | 9135 ||| FLEEEEING.
  9136 | D:9      | 9136 ||| FLEEEEING.
  9144 | D:9      | 9144 ||| STAIRDANCE
  9178 | D:9      | 9178 ||| FLEEEEING.
  9179 | D:9      | 9179 ||| FLEEEEING.
  9180 | D:9      | 9180 ||| FLEEEEING.
  9181 | D:9      | 9181 ||| FLEEEEING.
  9182 | D:9      | 9182 ||| FLEEEEING.
  9183 | D:9      | 9183 ||| FLEEEEING.
  9184 | D:9      | 9184 ||| FLEEEEING.
  9188 | D:9      | 9188 ||| INVOKING Berserk.
  9385 | D:9      | Noticed Psyche
  9391 | D:9      | 9391 ||| INVOKING Berserk.
  9395 | D:9      | Killed Psyche
  9534 | D:9      | Reached skill level 6 in Shields
  9568 | D:9      | Noticed a two-headed ogre
  9571 | D:9      | 9571 ||| INVOKING Berserk.
  9575 | D:9      | Killed a two-headed ogre
  9702 | D:9      | Found an opulent altar of Gozag.
  9705 | D:9      | 9705 ||| Stepping ~*~*~tactically~*~*~ (stealth).
  9706 | D:9      | 9706 ||| Stepping ~*~*~tactically~*~*~ (stealth).
  9709 | D:9      | Noticed a sun demon
  9710 | D:9      | 9710 ||| INVOKING Berserk.
  9716 | D:9      | Reached XP level 11. HP: 97/97 MP: 10/10
 10210 | D:10     | Entered Level 10 of the Dungeon
 10250 | D:10     | 10250 ||| Stepping ~*~*~tactically~*~*~ (hiding).
 10259 | D:10     | 10259 ||| INVOKING Berserk.
 10383 | D:10     | Found a staircase to the Lair.
 10401 | D:10     | 10401 ||| READING scroll of enchant weapon.
 10401 | D:10     | 10401 ||| ENCHANTING +0 broad axe.
 10405 | D:10     | 10405 ||| Stepping ~*~*~tactically~*~*~ (stealth).
 10409 | D:10     | 10409 ||| Stepping ~*~*~tactically~*~*~ (stealth).
 10411 | D:10     | 10411 ||| Stepping ~*~*~tactically~*~*~ (stealth).
 10422 | D:10     | 10422 ||| Stepping ~*~*~tactically~*~*~ (stealth).
 10423 | D:10     | 10423 ||| Stepping ~*~*~tactically~*~*~ (stealth).
 10520 | D:10     | Found a shimmering altar of Xom.
 10550 | D:10     | 10550 ||| Stepping ~*~*~tactically~*~*~ (hiding).
 10705 | D:10     | Found a blossoming altar of Fedhas.
 10875 | D:10     | Found an iron altar of Okawaru.
 10918 | D:10     | Found a white marble altar of Elyvilon.
 10989 | D:10     | Reached skill level 9 in Shields
 11017 | D:10     | 11017 ||| Stepping ~*~*~tactically~*~*~ (stealth).
 11018 | D:10     | 11018 ||| Stepping ~*~*~tactically~*~*~ (stealth).
 11021 | D:10     | 11021 ||| Stepping ~*~*~tactically~*~*~ (stealth).
 11024 | D:10     | 11024 ||| Stepping ~*~*~tactically~*~*~ (stealth).
 11102 | D:10     | 11102 ||| Stepping ~*~*~tactically~*~*~ (stealth).
 11104 | D:10     | 11104 ||| Stepping ~*~*~tactically~*~*~ (hiding).
 11322 | D:10     | 11322 ||| PLANNING LAIR
 11322 | D:10     | 11322 ||| READING scroll labelled VIOTUE GUCE.
 11345 | Lair:1   | Entered Level 1 of the Lair of Beasts
 11347 | Lair:1   | 11347 ||| Stepping ~*~*~tactically~*~*~ (stealth).
 11349 | Lair:1   | Noticed a five-headed hydra
 11350 | Lair:1   | 11350 ||| INVOKING Brothers in Arms.
 11356 | Lair:1   | 11356 ||| INVOKING Berserk.
 11359 | Lair:1   | Noticed Nergalle
 11369 | Lair:1   | Killed an 11-headed hydra
 11370 | Lair:1   | Reached skill level 16 in Axes
 11372 | Lair:1   | Killed Nergalle
 11375 | Lair:1   | Reached ***** piety under Trog
 11401 | Lair:1   | 11401 ||| INVOKING Brothers in Arms.
 11412 | Lair:1   | Reached XP level 12. HP: 53/104 MP: 11/11
 11414 | Lair:1   | Reached skill level 17 in Axes
 11575 | Lair:1   | 11575 ||| Stepping ~*~*~tactically~*~*~ (stealth).
 11578 | Lair:1   | 11578 ||| Stepping ~*~*~tactically~*~*~ (stealth).
 11649 | Lair:1   | 11649 ||| READING scroll of enchant weapon.
 11649 | Lair:1   | 11649 ||| ENCHANTING +1 broad axe.
 11696 | Lair:1   | Reached skill level 9 in Armour
 11760 | Lair:1   | Noticed Urug
 11761 | Lair:1   | 11761 ||| INVOKING Brothers in Arms.
 11765 | Lair:1   | 11765 ||| INVOKING Berserk.
 11767 | Lair:1   | Killed Urug
 11957 | Lair:1   | Noticed Harold
 11962 | Lair:1   | 11962 ||| INVOKING Berserk.
 11979 | Lair:1   | Killed Harold
 11980 | Lair:1   | Reached skill level 3 in Throwing
 12144 | Lair:1   | 12144 ||| READING scroll of enchant weapon.
 12144 | Lair:1   | 12144 ||| ENCHANTING +2 broad axe.
 12160 | Lair:1   | Noticed a catoblepas
 12162 | Lair:1   | 12162 ||| Stepping ~*~*~tactically~*~*~ (cloud).
 12165 | Lair:1   | 12165 ||| INVOKING Berserk.
 12169 | Lair:1   | Killed a catoblepas
 12495 | Lair:2   | 12495 ||| Stepping ~*~*~tactically~*~*~ (stealth).
 12516 | Lair:2   | 12516 ||| INVOKING Berserk.
 12691 | Lair:2   | 12691 ||| INVOKING Berserk.
 12703 | Lair:2   | Reached skill level 18 in Axes
 12894 | Lair:2   | 12894 ||| INVOKING Berserk.
 12899 | Lair:2   | HP: 25/108 [poisoned by a black mamba]
 12904 | Lair:2   | HP: 15/108 [poisoned by a black mamba]
 13049 | Lair:2   | 13049 ||| INVOKING Berserk.
 13174 | Lair:2   | Found a hole to the Spider Nest.
 13363 | Lair:2   | 13363 ||| Stepping ~*~*~tactically~*~*~ (stealth).
 13647 | Lair:2   | 13647 ||| READING 2 scrolls labelled MOTEQ SOCK.
 13648 | Lair:2   | 13648 ||| DROPPING scroll of fog.
 13706 | Lair:3   | 13706 ||| INVOKING Berserk.
 13753 | Lair:3   | 13753 ||| FLEEEEING.
 13757 | Lair:3   | 13757 ||| INVOKING Berserk.
 13967 | Lair:3   | 13967 ||| Stepping ~*~*~tactically~*~*~ (stealth).
 13968 | Lair:3   | 13968 ||| Stepping ~*~*~tactically~*~*~ (stealth).
 13971 | Lair:3   | 13971 ||| Stepping ~*~*~tactically~*~*~ (stealth).
 14053 | Lair:3   | Noticed an eight-headed hydra
 14054 | Lair:3   | 14054 ||| INVOKING Brothers in Arms.
 14055 | Lair:3   | 14055 ||| INVOKING Brothers in Arms.
 14056 | Lair:3   | 14056 ||| INVOKING Brothers in Arms.
 14057 | Lair:3   | 14057 ||| SWAPPING to -2 demon whip of venom.
 14058 | Lair:3   | 14058 ||| INVOKING Berserk.
 14061 | Lair:3   | Killed an eight-headed hydra
 14072 | Lair:3   | 14072 ||| SWAPPING to +3 broad axe.
 14206 | Lair:3   | 14206 ||| Stepping ~*~*~tactically~*~*~ (hiding).
 14212 | Lair:3   | Reached XP level 13. HP: 107/116 MP: 12/12
 14247 | Lair:3   | 14247 ||| INVOKING Berserk.
 14252 | Lair:3   | Reached skill level 12 in Shields
 14435 | Lair:3   | 14435 ||| INVOKING Berserk.
 14625 | Lair:3   | 14625 ||| INVOKING Berserk.
 14747 | Lair:3   | Found a staircase to the Swamp.
 14831 | Lair:3   | 14831 ||| Stepping ~*~*~tactically~*~*~ (stealth).
 15136 | Lair:3   | 15136 ||| READING 2 scrolls labelled TUZEMO GUAFIETT.
 15137 | Lair:3   | 15137 ||| READING scroll of brand weapon.
 15137 | Lair:3   | 15137 ||| BRANDING +3 broad axe of venom.
 15174 | Lair:4   | Found a viscous altar of Jiyva.
 15176 | Lair:4   | Found a staircase to the Slime Pits.
 15179 | Lair:4   | 15179 ||| Stepping ~*~*~tactically~*~*~ (stealth).
 15181 | Lair:4   | 15181 ||| Stepping ~*~*~tactically~*~*~ (stealth).
 15182 | Lair:4   | 15182 ||| INVOKING Berserk.
 15202 | Lair:4   | Reached skill level 12 in Fighting
 15420 | Lair:4   | 15420 ||| INVOKING Brothers in Arms.
 15421 | Lair:4   | 15421 ||| INVOKING Brothers in Arms.
 15422 | Lair:4   | 15422 ||| INVOKING Brothers in Arms.
 15423 | Lair:4   | 15423 ||| INVOKING Brothers in Arms.
 15424 | Lair:4   | 15424 ||| SWAPPING to -2 demon whip of venom.
 15425 | Lair:4   | 15425 ||| INVOKING Berserk.
 15444 | Lair:4   | 15444 ||| SWAPPING to +3 broad axe of freezing.
 15551 | Lair:4   | 15551 ||| INVOKING Brothers in Arms.
 15554 | Lair:4   | 15554 ||| SWAPPING to -2 demon whip of venom.
 15555 | Lair:4   | 15555 ||| INVOKING Berserk.
 15571 | Lair:4   | 15571 ||| SWAPPING to +3 broad axe of freezing.
 16043 | Lair:4   | 16043 ||| FLEEEEING.
 16388 | Lair:5   | Entered Level 5 of the Lair of Beasts
 16396 | Lair:5   | 16396 ||| INVOKING Berserk.
 16417 | Lair:5   | HP: 23/119 [electric eel/bolt of electricity (9)]
 16418 | Lair:5   | 16418 ||| READING 8 scrolls of teleportation.
 16419 | Lair:5   | 16419 ||| DRINKING 8 potions of heal wounds.
 16420 | Lair:5   | 16420 ||| DRINKING 7 potions of heal wounds.
 16421 | Lair:5   | 16421 ||| INVOKING Brothers in Arms.
 16422 | Lair:5   | 16422 ||| INVOKING Brothers in Arms.
 16422 | Lair:5   | HP: 27/122 [poisoned by a cane toad]
 16423 | Lair:5   | 16423 ||| READING 7 scrolls of teleportation.
 16423 | Lair:5   | HP: 10/122 [poisoned by a cane toad]
 16423 | Lair:5   | Mangled by a cane toad

Levels and vault maps discovered:
D:1:      mrwooster_arrival_statue_2, layout_basic,
          dreamdust_ecumenical_altar_statues
D:2:      layout_loops_ring, minmay_mini_jars
D:3:      layout_loops_corners, mainiacjoe_overflow_alcove_1,
          mainiacjoe_overflow_brackets
D:4:      layout_rooms, serial_shops, kennysheep_little_box
D:5:      lemuel_insect_pit, layout_gridville, nicolae_overflow_crystal_walls,
          serial_demonic, serial_demonic_c, serial_demonic_f, serial_demonic_a,
          serial_demonic_d, serial_demonic_f, serial_demonic_d,
          serial_demonic_f, corexii_checkpoint_a, uniq_ijyb
D:6:      layout_basic, minmay_temple_entry_drinking_statues,
          corexii_checkpoint_b
D:7:      layout_cave_pools, mainiacjoe_overflow_concentric_impassable,
          enter_bailey_5, uniq_prince_ribbit1
D:8:      layout_loops_corners, zin_treasury, kennysheep_mini_moat,
          uniq_amaemon, uniq_maggie
D:9:      layout_irregular_city, nicolae_gozag_cash_rules_everything_around_me,
          david_orc_3, kennysheep_generic_room_9, uniq_psyche
D:10:     layout_loops_cross, okawaru_altar_gauntlet_db, lemuel_doored_altar,
          mainiacjoe_overflow_six_doors_small, elyvilon_altar_1,
          erik_lair_orcish_takeover
Lair:1:   layout_concentric_octagons, grunt_forest_large_clearings,
          uniq_nergalle, uniq_urug, uniq_harold
Lair:2:   layout_long_grid, hellmonk_spider_entry_not_the_bees
Lair:3:   layout_concentric_octagons, swamp_mist, infiniplex_staircase_pool,
          serial_bayou_shore_a, lemuel_fruit_tree
Lair:4:   layout_regular_city, slime_entry_1, grunt_megastairs_2
Lair:5:   minmay_lair_end_frog_pond, layout_loops_ring, serial_forest,
          infiniplex_forest_clump_tiny, infiniplex_forest_straight_4,
          infiniplex_forest_lined_3_way, infiniplex_forest_straight_1,
          infiniplex_forest_lined_2

Skill      XL: |  1  2  3  4  5  6  7  8  9 10 11 12 13 |
---------------+----------------------------------------+-----
Axes           | 4 5 7 9 10 12 13 15 16 18 | 18.0
Throwing       | 1 2 4 5 |  5.0
Fighting       | 4 5 6 9 11 13 | 13.0
Armour         | 3 6 7 8 10 11 | 11.1
Shields        | 7 10 11 13 | 13.0
Dodging        | 4 |  4.0

Action                   |  1- 3 |  4- 6 |  7- 9 | 10-12 | 13-15 || total
-------------------------+-------+-------+-------+-------+-------++-------
Melee: Hand axe          |    87 |       |       |       |       ||    87
       Headbutt          |    15 |    10 |    27 |    76 |    34 ||   162
       War axe           |     3 |    36 |       |       |       ||    39
       Broad axe         |       |    37 |   217 |   445 |   136 ||   835
       Punch             |       |     1 |     2 |     1 |       ||     4
       Unarmed           |       |       |       |     4 |       ||     4
       Demon whip        |       |       |       |     3 |    15 ||    18
Throw: Javelin           |       |    17 |    11 |    29 |    29 ||    86
       Boomerang         |       |     2 |    37 |    67 |       ||   106
Invok: Berserk           |       |     2 |    13 |    19 |     7 ||    41
       Brothers in Arms  |       |       |       |     4 |     3 ||     7
  Use: Scroll            |     2 |    11 |     5 |     8 |     4 ||    30
       Potion            |       |     2 |     1 |       |     2 ||     5
 Stab: Distracted        |       |       |       |     1 |       ||     1
       Petrified         |       |       |       |     4 |       ||     4
Armor: Animal skin       |     4 |       |       |       |       ||     4
       Chain mail        |    16 |    62 |   109 |       |       ||   187
       Plate armour      |       |       |    34 |   211 |    68 ||   313
Dodge: Dodged            |    36 |    36 |   110 |   107 |    42 ||   331
Block: Kite shield       |       |       |       |   195 |    75 ||   270

Table legend:
 A = Non-vault XP
 B = Vault XP
 C = Vault XP percentage of total XP
 D = Non-vault monster count
 E = Vault monster count
 F = Vault count percentage of total count
                 A         B        C        D         E       F
            +---------+---------+-------+---------+---------+-------
      Total |   40607 |   14519 |  26.3 |     292 |     118 |  28.8
            +---------+---------+-------+---------+---------+-------
        D:1 |      56 |       0 |   0.0 |      32 |       0 |   0.0
        D:2 |      27 |      54 |  66.7 |       9 |      10 |  52.6
        D:3 |     276 |       0 |   0.0 |      20 |       0 |   0.0
        D:4 |     241 |       0 |   0.0 |      12 |       0 |   0.0
        D:5 |     447 |     205 |  31.4 |      13 |      17 |  56.7
        D:6 |    1539 |       3 |   0.2 |      26 |       1 |   3.7
        D:7 |    1013 |     266 |  20.8 |      16 |       5 |  23.8
        D:8 |    2765 |    1567 |  36.2 |      20 |       3 |  13.0
        D:9 |    1785 |    1075 |  37.6 |      17 |      10 |  37.0
       D:10 |    2372 |     610 |  20.5 |      22 |      14 |  38.9
     Lair:1 |    8470 |    6656 |  44.0 |      30 |      39 |  56.5
     Lair:2 |    4545 |     661 |  12.7 |      17 |       7 |  29.2
     Lair:3 |    8395 |       0 |   0.0 |      28 |       0 |   0.0
     Lair:4 |    8676 |    1017 |  10.5 |      30 |       2 |   6.2
     Lair:5 |       0 |    2405 | 100.0 |       0 |      10 | 100.0
            +---------+---------+-------+---------+---------+-------
